 Dungeon Crawl Stone Soup version 0.28.0-47-ge53b351184 (webtiles) character file.

Game seed: 14125600434487315850

1750 Zeld the Changer (level 9, -11/61 HPs)
             Began as an Octopode Transmuter on May 10, 2022.
             Was an Initiate of Gozag.
             Killed by divine providence
             ... invoked by an orc priest
              (15 damage)
             ... on level 5 of the Dungeon.
             The game lasted 00:10:39 (9489 turns).

Zeld the Changer (Octopode Transmuter)              Turns: 9489, Time: 00:10:40

Health: -11/61     AC:  2    Str: 14    XL:     9   Next: 6%
Magic:  14/16      EV: 21    Int: 21    God:    Gozag
Gold:   254        SH:  0    Dex: 17    Spells: 8/18 levels left

rFire   . . .      SeeInvis .     - Unarmed
rCold   . . .      Faith    .   (shield currently unavailable)
rNeg    . . .      Spirit   .   (helmet currently unavailable)
rPois   x          Reflect  .   (no amulet)
rElec   .          Harm     .   f - +6 ring of intelligence
rCorr   .          Rampage  .   (no ring)
Will    .....                   (no ring)
Stlth   +++.......              (no ring)
HPRegen 0.20/turn               (no ring)
MPRegen 0.15/turn               (no ring)
                                (no ring)
                                (no ring)

@: spider-form
A: venomous fangs, almost no armour, (amphibious), 8 rings, tiny, (camouflage
1), (gelatinous body 1), (nimble swimmer 1), (tentacles)
a: End Transformation, Renounce Religion, Potion Petition, Call Merchant, Bribe
Branch


You were on level 5 of the Dungeon.
You worshipped Gozag.
Gozag was aware of your devotion.
You were a venomous arachnid creature.
You visited 2 branches of the dungeon, and saw 7 of its levels.

You collected 370 gold pieces.
You paid 116 gold pieces to Gozag.

Inventory:

Armour
 m - a +0 hat (melded)
Jewellery
 f - a +6 ring of intelligence (left front leg)
Wands
 n - a wand of flame (3)
Scrolls
 b - 5 scrolls of identify {unknown}
 e - a scroll of amnesia {unknown}
 h - 2 scrolls of teleportation {unknown}
 i - a scroll of fear {unknown}
 j - a scroll of silence {unknown}
Potions
 a - 2 potions of flight {unknown}
 c - a potion of might {unknown}
 d - a potion of heal wounds {unknown}
 g - a potion of curing {unknown}
 k - a potion of brilliance {unknown}
 l - a potion of mutation {unknown}
 o - a potion of magic {unknown}


   Skills:
 * Level 5.1 Fighting
 + Level 4.0 Dodging
 + Level 4.7 Stealth
 + Level 4.7 Unarmed Combat
 * Level 5.0 Spellcasting
 * Level 5.4 Transmutations
 - Level 2.0 Ice Magic
 - Level 2.0 Poison Magic


You had 8 spell levels left.
You knew the following spells:

 Your Spells              Type           Power      Damage    Failure   Level
a - Beastly Appendage     Tmut           56%        N/A       5%          1
b - Wereblood             Tmut           28%        N/A       8%          2
c - Spider Form           Tmut/Pois      20%        N/A       19%         3
d - Ice Form              Ice/Tmut       20%        N/A       45%         4

Your spell library contained the following spells:

 Spells                   Type           Power      Damage    Failure   Level
 Freeze                   Ice            52%        1d7       14%         1
 Frozen Ramparts          Ice            26%        1d4       32%         3
 Tukima's Dance           Hex            5%         N/A       54%         3
 Olgreb's Toxic Radiance  Pois           13%        N/A       65%         4
 Hailstorm                Conj/Ice       9%         3d4       77%         4
 Yara's Violent Unravell  Hex/Tmut       8%         3d5       86%         5
 Passage of Golubria      Tloc           5%         N/A       87%         4
 Ozocubu's Refrigeration  Ice            6%         4d6       100%        7
 Ignition                 Fire           2%         3d3       100%        8


Dungeon Overview and Level Annotations

Branches:
Dungeon (6/15)             Temple (1/1) D:6

Altars:
Ashenzari
Cheibriados
Dithmenos
Elyvilon
Fedhas
Gozag
Hepliaklqana
Kikubaaqudgha
Makhleb
Nemelex Xobeh
Okawaru
Qazlal
Ru
Sif Muna
Trog
Uskayaw
Vehumet
Wu Jian
Xom
Yredelemnul
Zin
The Shining One

Annotations:
D:3 2 transporters, nickcage's ghost, amateur DECj


Innate Abilities, Weirdness & Mutations

You are a venomous arachnid creature.
You have poisonous fangs.
You are tiny and dextrous.
Your spellcasting is less reliable in this form.
Your armour is entirely melded.
You are incapable of wielding weapons or throwing items.
You cannot wear most types of armour.
((You are amphibious.))
You can wear up to eight rings at the same time.
((Your skin changes colour to match your surroundings (Stealth+).))
((Your rubbery body absorbs attacks. (AC +1, EV +1)))
((You are camouflaged when in or above water. (Stealth+)))
((You have tentacles for arms and can constrict up to eight enemies at once.))


Message History

Confirm with . or Enter, or press ? or * to list all spells.
You turn into a venomous arachnid creature.
Your +0 hat melds into your body.
The centaur zombie closely misses you.
The centaur zombie completely misses you.
The gnoll hits you with a +0 whip!
You hit the orc priest.
The orc priest is lightly wounded.
The centaur zombie barely misses you. x2; The orc priest closely misses you.
The centaur zombie hits you but does no damage.
The centaur zombie kicks you but does no damage.
You hit the orc priest but do no damage.
The orc priest is lightly wounded.
The gnoll closely misses you. The orc priest hits you with a +0 mace.
The centaur zombie completely misses you. x2
You hit the orc priest but do no damage.
The orc priest is poisoned.
The orc priest is lightly wounded.
The gnoll barely misses you.
The orc priest mumbles some strange prayers to Beogh against you.
Pain shoots through your body! The centaur zombie hits you.
* * * LOW HITPOINT WARNING * * *
The centaur zombie barely misses you. The centaur zombie hits you.
* * * LOW HITPOINT WARNING * * *
The centaur zombie kicks you.
* * * LOW HITPOINT WARNING * * *
The gnoll hits you with a +0 whip.
* * * LOW HITPOINT WARNING * * *
The orc priest hits you with a +0 mace!
* * * LOW HITPOINT WARNING * * *
You climb upwards.
There is a stone staircase leading down here.
Unknown command.
You hit the gnoll.
The gnoll is poisoned.
The gnoll is moderately wounded.
The gnoll misses you.
The orc priest calls down the wrath of Beogh upon you.
Beogh smites you!
You die...
Your body crumbles into a pile of gold.

##### ############ ....#
################......).... ###.#
#:.......gso.....##########
....###.#####.#######.######## #
##..##...## #.# #....>...# #
#..#.###.###.# ########.# #
#..))# #.....# #.# #
###.#.###.##################.####
#........## #...g.g.............
...#..#### #.#####'#######'####
#.....# #.###.....###.....##


You could see an orc priest (very poisoned) and a gnoll (very poisoned).

Vanquished Creatures
  Prince Ribbit (D:5)
  Sigmund (D:5)
  Eustachio (D:5)
  Menkaure (D:4)
  A steam dragon (D:4)
  An orc warrior (D:5)
  3 ogres
  A black bear (D:6)
  A gnoll sergeant (D:6)
  2 scorpions
  A bullfrog zombie (D:6)
  An orc priest (D:5)
  2 iguanas (D:5)
  An orc wizard (D:5)
  2 hound zombies
  2 hound skeletons (D:3)
  A howler monkey skeleton (D:4)
  6 adders
  6 gnolls
  A shadow imp (D:5)
  An adder skeleton (D:3)
  3 adder zombies (D:3)
  A worm (D:2)
  A dart slug (D:3)
  13 orcs
  2 ball pythons
  3 endoplasms
  4 giant cockroaches
  3 hobgoblins (D:1)
  3 jackals (D:2)
  3 quokkas
  A ball python skeleton (D:3)
  4 bats
  4 frilled lizards
  5 goblins
  A jackal zombie (D:3)
  2 kobolds
  A quokka skeleton (D:3)
  2 rats
93 creatures vanquished.

Vanquished Creatures (others)
  6 plants (D:3)
  A withered plant (D:3)
7 creatures vanquished.

Grand Total: 100 creatures vanquished

Notes
Turn   | Place    | Note
-------+----------+-------------------------------------------
     0 | D:1      | Zeld the Octopode Transmuter began the quest for the Orb.
     0 | D:1      | Reached XP level 1. HP: 13/13 MP: 3/3
   258 | D:1      | Reached XP level 2. HP: 8/18 MP: 3/5
   794 | D:2      | Learned a level 2 spell: Wereblood
   888 | D:2      | Found a faded altar of an unknown god.
  1117 | D:2      | Reached XP level 3. HP: 23/23 MP: 4/6
  1121 | D:2      | Learned a level 3 spell: Spider Form
  1244 | D:2      | Reached skill level 1 in Stealth
  1862 | D:2      | Reached XP level 4. HP: 29/29 MP: 5/7
  2147 | D:3      | Found a transporter.
  2180 | D:3      | Found a broken altar of Ashenzari.
  2325 | D:3      | Reached XP level 5. HP: 22/34 MP: 7/9
  2618 | D:3      | Noticed nickcage's ghost (amateur DECj)
  2629 | D:3      | Found a transporter.
  3476 | D:4      | Noticed an ogre
  4521 | D:4      | Noticed a steam dragon
  4534 | D:4      | Killed a steam dragon
  4535 | D:4      | Reached XP level 6. HP: 15/42 MP: 7/10
  4540 | D:4      | Learned a level 4 spell: Ice Form
  5162 | D:4      | Noticed Menkaure
  5169 | D:4      | Killed Menkaure
  5170 | D:4      | Reached XP level 7. HP: 43/46 MP: 4/12
  5329 | D:5      | Entered Level 5 of the Dungeon
  5329 | D:5      | Noticed Eustachio
  5567 | D:5      | HP: 2/46 [quasit[Eustachio] (2)]
  5881 | D:5      | Killed Eustachio
  5882 | D:5      | Reached skill level 1 in Poison Magic
  6020 | D:5      | Reached skill level 1 in Ice Magic
  6238 | D:5      | Noticed Prince Ribbit
  6255 | D:5      | Killed Prince Ribbit
  6256 | D:5      | Reached XP level 8. HP: 18/54 MP: 10/14
  7204 | D:5      | Noticed Sigmund
  7578 | D:5      | Killed Sigmund
  7774 | D:6      | Reached skill level 5 in Transmutations
  7980 | D:6      | Found a staircase to the Ecumenical Temple.
  8085 | Temple   | Entered the Ecumenical Temple
  8249 | Temple   | Became a worshipper of Gozag Ym Sagoz the Greedy
  9079 | D:6      | Reached skill level 5 in Fighting
  9087 | D:6      | Reached XP level 9. HP: 44/61 MP: 11/16
  9298 | D:5      | Reached skill level 5 in Spellcasting
  9487 | D:6      | HP: 3/61 [orc priest/+0 mace (7)]
  9489 | D:5      | Killed from afar by an orc priest

Illustrated notes

Levels and vault maps discovered:
D:1:      dpeg_arrival_rhombus, layout_basic
D:2:      wander_river, layout_loops_ring, shapermc_ecumenical_altar_pompeii
D:3:      layout_loops_corners, ashenzari_conservatory_becter, serial_undead,
          serial_undead_a, serial_undead_e, serial_undead_a, serial_undead_d,
          gammafunk_ghost_gnarly_gnolls
D:4:      layout_loops_corners, uniq_menkaure
D:5:      layout_loops_ring, minmay_quadrilaterals, uniq_sigmund,
          uniq_prince_ribbit1, uniq_eustachio
D:6:      layout_layer_cave, minmay_temple_entry_fiery, kennysheep_nub
Temple:   mainiacjoe_temple_circle_huts

Skill      XL: |  1  2  3  4  5  6  7  8  9 |
---------------+----------------------------+-----
Stealth        | 1 2 3 4 |  4.7
Fighting       | 2 3 4 5 |  5.1
Transmutations | 3 4 5 |  5.4
Spellcasting   | 3 4 5 |  5.0
Dodging        | 3 4 |  4.0
Poison Magic   | 1 2 |  2.0
Unarmed Combat | 4 |  4.7
Ice Magic      | 1 2 |  2.0

Action                   |  1- 3 |  4- 6 |  7- 9 || total
-------------------------+-------+-------+-------++-------
Melee: Unarmed           |    58 |   109 |   136 ||   303
       Kick              |    16 |    28 |     3 ||    47
       Constrict         |    14 |    20 |     6 ||    40
       Tentacles         |    12 |    21 |     2 ||    35
       Punch             |     1 |     6 |     1 ||     8
 Cast: Beastly Appendage |    20 |    21 |     2 ||    43
       Spider Form       |       |     2 |    16 ||    18
       Ice Form          |       |     1 |       ||     1
 Stab: Sleeping          |     5 |     8 |     3 ||    16
       Distracted        |       |       |     1 ||     1
Armor: Skin              |     3 |     9 |    15 ||    27
Dodge: Dodged            |    23 |    72 |   155 ||   250
